 Dungeon Crawl Stone Soup version 0.22.1-6-g1668fe2c40 (webtiles) character file.

4256 Kohma the Grappler (level 10, -1/91 HPs)
             Began as a Troll Monk on Jan 22, 2019.
             Was a High Priest of Wu Jian.
             Slain by a red ugly thing (11 damage)
             ... on level 7 of the Dungeon.
             The game lasted 00:22:30 (6056 turns).

Kohma the Grappler (Troll Monk)                     Turns: 6056, Time: 00:22:30

Health: -1/91      AC:  8    Str: 24    XL:     10   Next: 10%
Magic:  9/9        EV: 13    Int:  6    God:    Wu Jian [*****.]
Gold:   453        SH:  0    Dex: 15    Spells: 8/9 levels left

rFire    + . .     SeeInvis .     - Unarmed
rCold    + . .     Gourm    +   (no shield)
rNeg     . . .     Faith    .   h - +2 robe {rC+ rF+}
rPois    .         Spirit   .   (helmet restricted)
rElec    .         Reflect  .   r - +0 cloak
rCorr    .         Harm     .   (gloves unavailable)
MR       .....                  (boots unavailable)
Stlth    ++........             (no amulet)
HPRegen  0.65/turn              D - +3 ring of strength
MPRegen  0.11/turn              y - +1 ring of evasion

@: no status effects
A: large, unfitting armour, claws 3, fast metabolism 3, gourmand, regeneration
1, shaggy fur 1, tough skin 2
a: Wall Jump, Serpent's Lash, Heavenly Storm, Renounce Religion


You were on level 7 of the Dungeon.
You worshipped Wu Jian.
Wu Jian was extremely pleased with you.
You were very full.

You visited 2 branches of the dungeon, and saw 8 of its levels.
You also visited: Sewer and Ossuary.

You collected 453 gold pieces.

Inventory:

Hand Weapons
 u - a cursed -3 hunting sling
Missiles
 g - 216 stones (quivered)
Armour
 a - a +0 robe
 h - a +2 robe of resistance (worn)
 r - a +0 cloak (worn)
Jewellery
 y - a +1 ring of evasion (right claw)
 D - a +3 ring of strength (left claw)
 G - an uncursed ring of ice
Wands
 q - a wand of digging (6)
Scrolls
 d - a scroll of immolation
 e - a scroll of fear
 j - a scroll of enchant weapon
 k - 3 scrolls of teleportation
 m - 2 scrolls of remove curse
 p - 2 scrolls of enchant armour
 w - a scroll of amnesia {unknown}
 A - a scroll of fog {unknown}
 B - a scroll of silence {unknown}
 C - a scroll of vulnerability {unknown}
 E - a scroll of blinking
 F - a scroll of magic mapping
Potions
 c - a potion of berserk rage
 f - 5 potions of agility
 i - 2 potions of might
 l - 9 potions of curing
 o - 4 potions of brilliance
 s - 3 potions of flight
 t - a potion of lignification
 x - a potion of ambrosia
 z - a potion of magic
Comestibles
 b - 10 rations


   Skills:
 + Level 3.4 Fighting
 + Level 4.3 Dodging
 - Level 1.0 Stealth
 * Level 13.5 Unarmed Combat


You had 8 spell levels left.
You knew the following spells:

 Your Spells              Type           Power        Failure   Level  Hunger
a - Confusing Touch       Hex            #.....       45%         1    ##.....

Your spell library contained the following spells:

 Spells                   Type           Power        Failure   Level  Hunger
 Corona                   Hex            #......      45%         1    ##.....


Dungeon Overview and Level Annotations

Branches:
Dungeon (7/15)             Temple (1/1) D:7

Altars:
Ashenzari
Cheibriados
Dithmenos
Elyvilon
Fedhas
Gozag
Hepliaklqana
Kikubaaqudgha
Makhleb
Nemelex Xobeh
Okawaru
Qazlal
Ru
Vehumet
Wu Jian
Xom
Yredelemnul
Zin

Shops:
D:6 *


Innate Abilities, Weirdness & Mutations

You are too large for most types of armour.
You have claws for hands.
Your metabolism is lightning-fast.
You like to eat raw meat.
Your natural rate of healing is unusually fast.
You are covered in fur. (AC +1)
You have very tough skin. (AC +2)


Message History

The red ugly thing headbutts you!
* * * LOW HITPOINT WARNING * * *
You are engulfed in flames!
You resist.
* * * LOW HITPOINT WARNING * * *
You feel much better. The red ugly thing headbutts you.
* * * LOW HITPOINT WARNING * * *
You are engulfed in flames!
You resist.
* * * LOW HITPOINT WARNING * * *
Unknown command.
You repeatedly attack the red ugly thing from above.
You claw the red ugly thing!
The red ugly thing is severely wounded.
You scratch the red ugly thing.
The red ugly thing is severely wounded.
You scratch the red ugly thing.
The red ugly thing is almost dead.
The red ugly thing closely misses you. The red ugly thing headbutts you!
* * * LOW HITPOINT WARNING * * *
You are engulfed in flames!
You resist.
You die...

#. #.. ########### #.#
##.........## #..#
##...####....### #..###...##
###..... #.......### ##....>
##§§§.....####.....#
#####§@u.##...........#
..>...§§§.#####...###..# #
###.......#####..## ##..
.### ####............# ##.
....###### ##............#
##
#.......#####....########..#
# #..............## ..# #
#......######### ..#
#....### .##


You could see a red ugly thing.

Vanquished Creatures
  Pikel (D:4)
  Sigmund (D:4)
  Eustachio (D:6)
  Edmund (D:6)
  Duvessa (D:4)
  An acid dragon (D:6)
  2 ice beasts
  3 sky beasts
  A phantom (D:6)
  A necrophage (D:6)
  2 ogres
  3 centaurs (D:6)
  A big kobold (Sewer)
  An elf zombie (Ossuary)
  3 bullfrogs (D:6)
  Dowan (D:4)
  3 scorpions
  5 killer bees (D:7)
  2 howler monkeys
  6 crimson imps
  4 hounds
  A bullfrog zombie (D:7)
  4 bullfrog skeletons
  A jelly (D:7)
  Crazy Yiuf (D:4)
  Jessica (D:2)
  3 iguanas
  4 orc wizards
  4 worker ants
  A big kobold zombie (Ossuary)
  A hound zombie (Ossuary)
  2 hound skeletons
  5 mummies
  A howler monkey zombie (D:7)
  10 gnolls
  9 adders
  A river rat (Sewer)
  3 oozes
  2 adder zombies
  An adder skeleton (D:6)
  4 worms
  A dart slug (D:1)
  8 leopard geckos
  14 orcs
  8 bats
  8 giant cockroaches
  A gnoll zombie (Ossuary)
  4 goblins
  4 hobgoblins
  9 jackals
  15 kobolds
  A quokka (D:2)
  A ball python (D:3)
  5 frilled lizards
  A goblin zombie (D:6)
  A hobgoblin zombie (Ossuary)
  A jackal skeleton (D:4)
  A jackal zombie (Ossuary)
  4 kobold zombies
  2 orc zombies (Ossuary)
  9 rats
201 creatures vanquished.

Notes
Turn   | Place    | Note
-------+----------+-------------------------------------------
     0 | D:1      | Kohma the Troll Monk began the quest for the Orb.
     0 | D:1      | Reached XP level 1. HP: 22/22 MP: 0/0
   132 | D:1      | Reached XP level 2. HP: 29/29 MP: 1/1
   694 | D:2      | Reached XP level 3. HP: 36/36 MP: 2/2
   867 | D:2      | Noticed Jessica
   875 | D:2      | Killed Jessica
   875 | D:2      | Reached skill level 4 in Unarmed Combat
   963 | D:2      | Identified Jessica's Papyrus of Curses
   973 | D:2      | Learned a level 1 spell: Confusing Touch
  1105 | D:2      | Reached XP level 4. HP: 44/44 MP: 3/3
  1107 | D:2      | Found an ornate altar of the Wu Jian Council.
  1112 | D:2      | Became a worshipper of the Wu Jian Council
  1112 | D:2      | Reached * piety under Wu Jian
  1112 | D:2      | Reached ** piety under Wu Jian
  1421 | D:2      | Found a sacrificial altar of Ru.
  1530 | D:3      | Noticed an ogre
  1533 | D:3      | Killed an ogre
  1533 | D:3      | Reached skill level 5 in Unarmed Combat
  1533 | D:3      | Reached XP level 5. HP: 52/52 MP: 4/4
  1700 | D:3      | Found a glowing drain.
  1709 | Sewer    | Entered a sewer
  1715 | Sewer    | Reached skill level 6 in Unarmed Combat
  1797 | Sewer    | Reached XP level 6. HP: 54/59 MP: 5/5
  1846 | Sewer    | Found a white marble altar of Elyvilon.
  2215 | D:3      | Found a sparkling altar of Nemelex Xobeh.
  2691 | D:4      | Noticed Duvessa
  2693 | D:4      | Noticed Dowan
  2707 | D:4      | Killed Duvessa
  2707 | D:4      | Reached skill level 7 in Unarmed Combat
  2709 | D:4      | Killed Dowan
  2709 | D:4      | Reached XP level 7. HP: 46/66 MP: 6/6
  2720 | D:4      | Reached *** piety under Wu Jian
  2933 | D:4      | Reached skill level 8 in Unarmed Combat
  2981 | D:4      | Found a runed door.
  2985 | D:4      | Noticed Crazy Yiuf
  2987 | D:4      | Killed Crazy Yiuf
  3326 | D:4      | Reached skill level 9 in Unarmed Combat
  3342 | D:4      | Reached XP level 8. HP: 67/75 MP: 7/7
  3392 | D:4      | Noticed Sigmund
  3397 | D:4      | Noticed Pikel
  3399 | D:4      | Killed Sigmund
  3420 | D:4      | Killed Pikel
  3420 | D:4      | Reached skill level 10 in Unarmed Combat
  3598 | D:5      | Entered Level 5 of the Dungeon
  4007 | D:5      | Reached **** piety under Wu Jian
  4007 | D:5      | Reached skill level 11 in Unarmed Combat
  4132 | D:5      | Reached XP level 9. HP: 83/83 MP: 8/8
  4371 | D:6      | Found Zin's Purification Station.
  4376 | D:6      | Found a glowing silver altar of Zin.
  4408 | D:6      | Noticed Edmund
  4415 | D:6      | Killed Edmund
  4425 | D:6      | Found a radiant altar of Vehumet.
  4612 | D:6      | Found a sand-covered staircase.
  4652 | Ossuary  | Entered an ossuary
  4662 | Ossuary  | Reached skill level 12 in Unarmed Combat
  5200 | D:6      | Noticed Eustachio
  5208 | D:6      | Killed Eustachio
  5274 | D:6      | Reached ***** piety under Wu Jian
  5310 | D:6      | Reached skill level 13 in Unarmed Combat
  5411 | D:7      | Found a staircase to the Ecumenical Temple.
  5423 | Temple   | Entered the Ecumenical Temple
  5721 | D:7      | Reached XP level 10. HP: 69/91 MP: 9/9
  5775 | D:7      | Found a snail-covered altar of Cheibriados.
  6045 | D:7      | Noticed a red ugly thing
  6056 | D:7      | Slain by a red ugly thing

Skill      XL: |  1  2  3  4  5  6  7  8  9 |
---------------+----------------------------+-----
Unarmed Combat | 4 5 6 7 9 11 13 | 13.5
Dodging        | 3 4 |  4.3
Fighting       | 3 |  3.4
Stealth        | |  1.0

Action                   |  1- 3 |  4- 6 |  7- 9 | 10-12 || total
-------------------------+-------+-------+-------+-------++-------
Melee: Unarmed           |    79 |   139 |   317 |    46 ||   581
       Punch             |     1 |     2 |    17 |     2 ||    22
Invok: Wall Jump         |       |    14 |    14 |     4 ||    32
       Whirlwind         |       |    21 |    33 |     1 ||    55
       Lunge             |       |     7 |    30 |     3 ||    40
  Use: Potion            |     1 |       |       |     1 ||     2
       Scroll            |       |    11 |    11 |       ||    22
 Stab: Sleeping          |     2 |     2 |     8 |       ||    12
  Eat: Chunk             |    16 |    12 |    28 |     5 ||    61
Armor: Robe              |    23 |    30 |    52 |    16 ||   121
Dodge: Dodged            |    52 |    48 |    86 |    31 ||   217
